 Dungeon Crawl Stone Soup version 0.30-a0-125-g51eefa89be (webtiles) character file.

Game seed: 15956636537714480791

222 AarnesTheHuman the Digger (level 5, -1/29 HPs)
             Began as a Gargoyle Earth Elementalist on Sept 18, 2022.
             Was an Initiate of Ru.
             Slain by Pikel
             ... wielding a +2 whip of electrocution
              (7 damage)
             ... on level 4 of the Dungeon.
             The game lasted 00:05:24 (3902 turns).

AarnesTheHuman the Digger (GrEE)                    Turns: 3902, Time: 00:05:25

Health: -1/29      AC:  6    Str: 12    XL:     5   Next: 99%
Magic:  4/10       EV: 11    Int: 17    God:    Ru [......]
Gold:   158        SH:  3    Dex: 10    Spells: 7/11 levels left

rFire   . . .      SeeInvis .    a - +2 dagger (venom)
rCold   . . .      Faith    .    d - +0 buckler
rNeg    + . .      Spirit   .    i - +0 robe
rPois   ∞          Reflect  .    (no helmet)
rElec   +          Harm     .    (no cloak)
rCorr   .          Rampage  .    (no gloves)
Will    .....                    (no boots)
Stlth   ++........               (no amulet)
HPRegen 0.09/turn                (no ring)
MPRegen 0.12/turn                (no ring)

@: no status effects
A: sickness immunity, AC +4, negative energy resistance 1, electricity
resistance, torment resistance 1, petrification resistance
a: Renounce Religion


You were on level 4 of the Dungeon.
You worshipped Ru.
Ru was noncommittal.
You visited 1 branch of the dungeon, and saw 4 of its levels.

You collected 158 gold pieces.

Inventory:

Hand Weapons
 a - a +2 dagger of venom (weapon)
 b - a +3 short sword
 q - a +0 short sword
Missiles
 c - 24 stones
 s - 4 poisoned darts
 u - a throwing net
Armour
 d - a +0 buckler (worn)
 i - a +0 robe (worn)
Scrolls
 e - 4 scrolls of fog {unknown}
 f - a scroll of amnesia {unknown}
 g - a scroll of acquirement {unknown}
 h - 2 scrolls of immolation {unknown}
 j - 3 scrolls of identify {unknown}
 m - 3 scrolls of noise {unknown}
Potions
 k - 3 potions of curing {unknown}
 l - a potion of ambrosia {unknown}
 n - a potion of mutation {unknown}
 o - a potion of attraction {unknown}
 p - a potion of heal wounds {unknown}
 r - a potion of lignification {unknown}
 t - a potion of magic
 v - a potion of invisibility {unknown}


   Skills:
 + Level 1.1 Fighting
 - Level 1.5 Dodging
 - Level 2.1 Stealth
 + Level 3.9 Spellcasting
 + Level 1.1 Conjurations
 - Level 0.7 Transmutations
 + Level 5.8 Earth Magic


You had 7 spell levels left.
You knew the following spells:

 Your Spells              Type           Power      Damage    Failure   Level
a - Sandblast             Erth           46%        2d11      1%          1
b - Stone Arrow           Conj/Erth      30%        3d8       16%         3

Your spell library contained the following spells:

 Spells                   Type           Power      Damage    Failure   Level
 Passwall                 Tmut/Erth      11%        N/A       9%          2
 Dazzling Flash           Conj/Hex       10%        N/A       45%         3
 Petrify                  Tmut/Erth      14%        N/A       50%         4
 Agony                    Necr           3%         N/A       99%         5
 Silence                  Hex/Air        1%         N/A       99%         5


Dungeon Overview and Level Annotations

Branches:
Dungeon (4/15)
 Temple: D:4-7

Altars:
Makhleb
Ru
Sif Muna
Wu Jian

Annotations:
D:4 Pikel


Innate Abilities, Weirdness & Mutations

You are immune to sickness and miasma.
Your stone body is resilient. (AC +4)
You are immune to poison.
You resist negative energy. (rN+)
You are resistant to electric shocks. (rElec)
You are resistant to unholy torment.
You are immune to petrification.


Message History

The stone arrow hits Pikel!
Pikel is moderately wounded.
The lemure shouts!
Pikel hits you with a +2 whip of electrocution!
You hit Pikel but do no damage.
Pikel is poisoned.
Pikel is moderately wounded.
Pikel hits you with a +2 whip of electrocution!
* * * LOW HITPOINT WARNING * * *
You miss Pikel.
Pikel is moderately wounded.
You block Pikel's attack.
Casting: Stone Arrow (quite dangerous; 16% risk of failure)
Confirm with . or Enter, or press ? or * to list all spells.
Aiming: Sandblast (safe; 1% risk of failure)
Press: ? - help, Shift-Dir - straight line, f/p - Pikel
Aim: Pikel, wielding a +2 whip of electrocution and wearing a +0 robe (moderately wounded, very poisoned, 79% to hit)
Okay, then.
Casting: Sandblast (safe; 1% risk of failure)
Confirm with . or Enter, or press ? or * to list all spells.
The spell is quite dangerous to miscast (16% risk of failure)!
Continue anyway?
Aiming: Stone Arrow (quite dangerous; 16% risk of failure)
Press: ? - help, Shift-Dir - straight line, f/p - Pikel
Aim: Pikel, wielding a +2 whip of electrocution and wearing a +0 robe (moderately wounded, very poisoned, 60% to hit)
The stone arrow hits Pikel.
Pikel is moderately wounded.
The lemure shouts!
Pikel misses you.
Things that are here:
a +0 club; an orc skeleton Pikel says, "I knew I should've brought a map."
Pikel attacks as you move away! You block Pikel's attack.
Pikel checks his coin pouch and frowns.
Your magical contamination has completely faded away.
Pikel attacks as you move away!
Pikel hits you with a +2 whip of electrocution.
* * * LOW HITPOINT WARNING * * *
Pikel looks more healthy.
Pikel attacks as you move away!
Pikel hits you with a +2 whip of electrocution!
You die...

#.#
#.##.#.#####.#
#.#
#.##.#.#.....#
#.#
#........#####
#5######.#.#.#
#..........#.#
#5######.###.#
#.#
#.###.#####
#K#
#.#.#.##...
####@#
#...#.##.#.
#<##.#
#...#.##.#.
#.##.#
#.#.#.##.#.
####.##.#
#####.##.#.
#.......#
#.##.#.
#.##)####
#...... #.##.#
####<## #....#
### ######


You could see Pikel and 2 lemures.

Vanquished Creatures
  A phantom (D:2)
  2 lemures (D:4)
  3 gnolls (D:3)
  6 adders
  3 worms (D:2)
  A dart slug (D:1)
  2 orcs
  8 endoplasms
  A giant cockroach (D:2)
  5 goblins
  6 hobgoblins
  8 kobolds
  2 quokkas
  2 ball pythons
  3 bats
  5 rats
58 creatures vanquished.

Notes
Turn   | Place    | Note
-------+----------+-------------------------------------------
     0 | D:1      | AarnesTheHuman the Gargoyle Earth Elementalist began the
                  | quest for the Orb.
     0 | D:1      | Reached XP level 1. HP: 10/10 MP: 3/3
   235 | D:1      | Reached skill level 4 in Earth Magic
   235 | D:1      | Reached XP level 2. HP: 15/15 MP: 3/5
  1104 | D:2      | Reached XP level 3. HP: 19/19 MP: 5/7
  1228 | D:2      | Noticed a phantom
  1305 | D:2      | Killed a phantom
  1306 | D:2      | Reached skill level 5 in Earth Magic
  1306 | D:2      | Reached XP level 4. HP: 24/24 MP: 2/9
  1306 | D:2      | Reached XP level 5. HP: 28/28 MP: 2/10
  2251 | D:2      | Learned a level 3 spell: Stone Arrow
  2337 | D:3      | Found a sacrificial altar of Ru.
  2368 | D:3      | Found a burning altar of Makhleb.
  2864 | D:3      | Reached skill level 1 in Fighting
  2864 | D:3      | Reached skill level 1 in Conjurations
  3223 | D:3      | Found a faded altar of an unknown god.
  3226 | D:3      | Found an ornate altar of the Wu Jian Council.
  3558 | D:3      | Became a worshipper of Ru the Awakened
  3763 | D:4      | Found a shimmering blue altar of Sif Muna.
  3763 | D:4      | Noticed a lemure
  3763 | D:4      | Noticed a lemure
  3763 | D:4      | Noticed a lemure
  3764 | D:4      | Noticed a lemure
  3794 | D:4      | Killed a lemure
  3799 | D:4      | Killed a lemure
  3876 | D:4      | Noticed Pikel
  3902 | D:4      | Slain by Pikel

Illustrated notes

Levels and vault maps discovered:
D:1:      zaba_arrival_water, layout_basic
D:2:      layout_basic, corexii_corridor_pit, bh_walls_and_bars
D:3:      layout_basic, nicolae_overflow_ecumenical_swirl,
          mainiacjoe_overflow_two_lobes, minmay_misc_feat_columns
D:4:      layout_basic, mainiacjoe_overflow_catwalk,
          mainiacjoe_overflow_cross_hatched, gammafunk_ghost_cemetery,
          glass_columns_a, chequers_mini_garden, uniq_pikel

Skill      XL: |  1  2  3  4  5 |
---------------+----------------+-----
Earth Magic    | 4 5 |  5.8
Spellcasting   | 3 |  3.9
Fighting       | 1 |  1.1
Conjurations   | 1 |  1.1
Dodging        | |  1.5
Stealth        | |  2.1
Transmutations | |  0.7

Action                   |  1- 3 |  4- 6 || total
-------------------------+-------+-------++-------
Melee: Dagger            |       |    13 ||    13
 Cast: Sandblast         |    35 |    48 ||    83
       Stone Arrow       |       |     2 ||     2
 Stab: Sleeping          |       |     1 ||     1
Armor: Robe              |       |    10 ||    10
Dodge: Dodged            |     5 |    23 ||    28
Block: Buckler           |     2 |     7 ||     9

Table legend: (Time is in decaauts)
 A = Elapsed time spent in this place.
 B = Non-inter-level travel time spent in this place.
 C = Inter-level travel time spent in this place.
 D = Time resting spent in this place.
 E = Time spent auto-exploring this place.
 F = Levels seen in this place.
 G = Mean time per level.
                   A        B        C        D        E       F      G
               +--------+--------+--------+--------+--------+-----+--------+
         Total |   3948 |   3663 |    285 |    292 |   2876 |   4 |  987.0 |
       Dungeon |   3948 |   3663 |    285 |    292 |   2876 |   4 |  987.0 |
               +--------+--------+--------+--------+--------+-----+--------+

Top non-repeatable levels by time:
     D:2: 1515 daAuts
     D:3: 1098 daAuts
     D:1: 1025 daAuts
     D:4: 309 daAuts
